 Dungeon Crawl Stone Soup version 0.31-a0-1008-g5b978dac0e (webtiles) character file.

Game seed: 17039795061961451531

85 Pixllover the Digger (level 4, 0/24 HPs)
             Began as a Gargoyle Earth Elementalist on Nov 13, 2023.
             Slain by Natasha (6 damage)
             ... on level 2 of the Dungeon.
             The game lasted 00:03:43 (1454 turns).

Pixllover the Digger (Gargoyle Earth Elementalist)  Turns: 1454, Time: 00:03:43

Health: 0/24       AC:  7    Str: 12    XL:     4   Next: 48%
Magic:  2/8        EV: 12    Int: 17    God:
Gold:   31         SH:  0    Dex: 10    Spells: 8/9 levels left

rFire   . . .        (no weapon)
rCold   . . .        (no shield)
rNeg    + + .        a - +0 robe
rPois   ∞            (no helmet)
rElec   +            (no cloak)
rCorr   .            e - +1 pair of gloves
SInv    .            (no boots)
Will    .....        (no amulet)
Stlth   ++           m - ring of positive energy
HPRegen 0.24/turn    (no ring)
MPRegen 0.11/turn

%: no passive effects
@: very slightly contaminated
A: sickness immunity, AC +3, negative energy resistance 1, electricity
resistance, torment resistance 1, petrification resistance
a: no special abilities


You were on level 2 of the Dungeon.
You visited 1 branch of the dungeon, and saw 2 of its levels.

You collected 31 gold pieces.

Inventory:

Missiles
 g - 3 poisoned darts (quivered)
Armour
 a - a +0 robe (worn)
 e - a +1 pair of gloves (worn)
Jewellery
 m - a ring of positive energy (left hand)
Scrolls
 c - a scroll of fear {unknown}
 d - a scroll of torment
 f - a scroll of enchant armour {unknown}
 h - a scroll of teleportation {unknown}
 k - a scroll of poison {unknown}
 l - a scroll of blinking {unknown}
 n - a scroll of fog {unknown}
Potions
 b - 2 potions of magic
 i - 2 potions of attraction


   Skills:
 + Level 1.8 Dodging
 + Level 2.6 Stealth
 + Level 3.3 Spellcasting
 + Level 0.7 Transmutations
 + Level 4.5 Earth Magic


You had 8 spell levels left.
You knew the following spells:

 Your Spells              Type           Power      Damage    Failure   Level
a - Sandblast             Erth           36%        2d10      2%          1

Your spell library contained the following spells:

 Spells                   Type           Power      Damage    Failure   Level
 Passwall                 Tmut/Erth      9%         N/A       9%          2
 Stone Arrow              Conj/Erth      20%        3d8       21%         3
 Petrify                  Tmut/Erth      11%        N/A       50%         4
 Brom's Barrelling Bould  Conj/Erth      10%        2d3       54%         4


Dungeon Overview and Level Annotations

Branches:
Dungeon (2/15)

Altars:
The Shining One

Annotations:
D:2 Natasha


Innate Abilities, Weirdness & Mutations

You are immune to sickness and miasma.
Your stone body is resilient. (AC +3)
You are immune to poison.
You resist negative energy. (rN+)
You are resistant to electric shocks. (rElec)
You are resistant to unholy torment.
You are immune to petrification.


Message History

Nothing appears to happen.
Natasha casts a spell at you. The magic dart hits you.
The cerulean imp hits you but does no damage.
Casting: Sandblast (safe; 2% risk of failure)
Confirm with . or Enter, or press ? or * to list all spells.
Aiming: Sandblast (safe; 2% risk of failure)
Press: ? - help, Shift-Dir - straight line, f/p - Natasha
Aim: Natasha (heavily wounded, 77% to hit)
The blast of sand hits Natasha.
Natasha is severely wounded.
Natasha casts a spell at you. The magic dart hits you!
The cerulean imp hits you but does no damage.
Casting: Sandblast (safe; 2% risk of failure)
Confirm with . or Enter, or press ? or * to list all spells.
Aiming: Sandblast (safe; 2% risk of failure)
Press: ? - help, Shift-Dir - straight line, f/p - Natasha
Aim: Natasha (severely wounded, 77% to hit)
The blast of sand misses Natasha.
The blast of sand hits the cerulean imp!
The cerulean imp is almost dead.
Natasha extends her claws.
Natasha casts a spell at you. The magic dart hits you.
The cerulean imp misses you. Natasha barely misses you.
The cerulean imp hits you from afar with a +0 spear.
* * * LOW HITPOINT WARNING * * *
Casting: Sandblast (safe; 2% risk of failure)
Confirm with . or Enter, or press ? or * to list all spells.
Aiming: Sandblast (safe; 2% risk of failure)
Press: ? - help, Shift-Dir - straight line, f/p - Natasha
Aim: Natasha (severely wounded, 77% to hit)
The blast of sand misses Natasha.
The blast of sand hits the cerulean imp!
You kill the cerulean imp!
The cerulean imp disappears in a puff of smoke!
Natasha claws you.
You die...
Natasha begins licking her fur clean.

#.....# #.....# ######.....#
#..........###
#####............#
.....†.........#.###
...............#...#####
........>)......##.....#####
................@h§###.....###
.......).....#####.#
#####...#### .)...........#
#..# ###....# ..........†..#
##.# #....). ................#
.# #.).... .........#####..#
.# #.._..# ......##.. ....#.#
#.....# ....#.###.. #.....
#.....# . . .... #######


You could see Natasha.

Vanquished Creatures
  Natasha (twice) (D:2)
  3 endoplasms (D:1)
  3 goblins
  2 hobgoblins (D:1)
  A jackal (D:1)
  11 kobolds
  2 quokkas (D:1)
  7 ball pythons
  2 bats
  A frilled lizard (D:2)
  3 rats
37 creatures vanquished.

Notes
Turn   | Place    | Note
-------+----------+-------------------------------------------
     0 | D:1      | Pixllover the Gargoyle Earth Elementalist began the quest
                  | for the Orb.
     0 | D:1      | Reached XP level 1. HP: 10/10 MP: 3/3
   323 | D:1      | Reached XP level 2. HP: 15/15 MP: 0/5
   403 | D:1      | Reached skill level 4 in Earth Magic
  1183 | D:2      | Reached XP level 3. HP: 19/19 MP: 4/6
  1183 | D:2      | Noticed Natasha
  1190 | D:2      | Killed Natasha
  1288 | D:2      | Noticed Natasha
  1295 | D:2      | Killed Natasha
  1296 | D:2      | Reached XP level 4. HP: 20/24 MP: 2/8
  1393 | D:2      | Found a glowing golden altar of the Shining One.
  1418 | D:2      | Noticed Natasha
  1454 | D:2      | Slain by Natasha

Illustrated notes

Levels and vault maps discovered:
D:1:      ldierk_walled_garden_2, layout_loops_corners, serial_glass,
          glass_columns_a, glass_columns_c, minmay_misc_feat_four_crosses,
          serial_bayou_pond_e, st_stairs_12
D:2:      layout_rooms, basic_altar, uniq_natasha

Skill      XL: |  1  2  3 |
---------------+----------+-----
Earth Magic    | 4 |  4.5
Spellcasting   | 3 |  3.3
Dodging        | |  1.8
Stealth        | |  2.6
Transmutations | |  0.7

Action                     |  1- 3 |  4- 6 || total
---------------------------+-------+-------++-------
  Melee: Unarmed           |     2 |     1 ||     3
   Cast: Sandblast         |    46 |    13 ||    59
    Use: Scroll            |     3 |       ||     3
   Stab: Sleeping          |     1 |       ||     1
 Armour: Robe              |    19 |    22 ||    41
  Dodge: Dodged            |    26 |    15 ||    41

Table legend: (Time is in decaauts)
 A = Elapsed time spent in this place.
 B = Non-inter-level travel time spent in this place.
 C = Inter-level travel time spent in this place.
 D = Time resting spent in this place.
 E = Time spent auto-exploring this place.
 F = Levels seen in this place.
 G = Mean time per level.
                   A        B        C        D        E       F      G
               +--------+--------+--------+--------+--------+-----+--------+
         Total |   1484 |   1448 |     36 |    119 |    940 |   2 |  742.0 |
       Dungeon |   1484 |   1448 |     36 |    119 |    940 |   2 |  742.0 |
               +--------+--------+--------+--------+--------+-----+--------+

Top non-repeatable levels by time:
     D:1: 1279 daAuts
     D:2: 204 daAuts
